 Dungeon Sprint DCSS version 0.19.0-20-gbc5f0c6 (webtiles) character file.

211 equalderp2856 the Gouger (level 5, -5/27 HPs)
             Began as a Felid Fighter on Nov 18, 2016.
             Slain by a gnoll sergeant
             ... wielding a +0 trident
              (12 damage)
             ... in the Dungeon (Sprint VII: "The Pits").
             The game lasted 00:01:36 (588 turns).

equalderp2856 the Gouger (Felid Fighter)             Turns: 588, Time: 00:01:36

Health: -5/27      AC:  1    Str: 13    XL:     5   Next: 57%
Magic:  6/6        EV: 25    Int:  9    God:
Gold:   0          SH:  0    Dex: 16    Spells: 0 memorised, 4 levels left
                                        Lives:  0   Deaths: 1

rFire  . . .     SeeInvis +       - Unarmed
rCold  . . .     Gourm    .     (armour unavailable)
rNeg   . . .     Faith    .     (shield unavailable)
rPois  .         Spirit   .     (helmet unavailable)
rElec  .         Reflect  .     (cloak unavailable)
rCorr  .         Harm     .     (gloves unavailable)
MR     .....     NoTele   +     (boots unavailable)
Stlth  ++........               (no amulet)
                                (no ring)
                                (no ring)

@: quick
A: no armour, no weapons or thrown items, stealth, claws 1, fangs 3, see
invisible, carnivore 3, speed 1, shaggy fur 1, slow metabolism 1, sharp paws
a: no special abilities


You were in the Dungeon.
You were not hungry.

You visited 1 branch

Inventory:

Scrolls
 h - a scroll of blinking
 j - 3 scrolls of remove curse
 k - 5 scrolls of amnesia
 l - a scroll of summoning
Potions
 a - a potion of might
 c - 5 potions of curing
 d - 2 potions of heal wounds
 e - a potion of haste
 f - 4 potions of magic
 g - 3 potions of berserk rage
 i - 2 potions of invisibility
Comestibles
 b - 8 meat rations


   Skills:
 + Level 5.9 Fighting
 + Level 9.5 Dodging
 + Level 2.0 Stealth
 + Level 11.0 Unarmed Combat


You had 4 spell levels left.
You didn't know any spells.

Dungeon Overview and Level Annotations

Branches:
Dungeon (1/1)

Altars:


Innate Abilities, Weirdness & Mutations

You cannot wear armour.
You are incapable of wielding weapons or throwing items.
Your paws allow you to move quietly. (Stealth)
You have sharp claws.
You have razor-sharp teeth.
You have supernaturally acute eyesight. (SInv)
You are carnivorous and can eat meat at any time.
You cover ground quickly.
You are covered in fur. (AC +1)
You have a slow metabolism.
Your sharp claws are effective at attacking unaware monsters.


Message History

a dagger; a robe You barely miss the gnoll.
You scratch the gnoll.
The gnoll is moderately wounded.
The gnoll completely misses you. x2; The gnoll sergeant closely misses you.
The gnoll barely misses you.
You barely miss the gnoll.
The gnoll is moderately wounded.
The gnoll hits you with a spear. The gnoll completely misses you.
The gnoll sergeant hits you from afar with a trident!
You claw the gnoll!
You kill the gnoll!
Your Stealth skill increases to level 2!
Your Unarmed Combat skill increases to level 11!
You claw the gnoll!
You kill the gnoll!
The gnoll hits you from afar with a halberd!
* * * LOW HITPOINT WARNING * * *
The gnoll sergeant hits you from afar with a trident!
You die...

#####+###########++
######)))#.##...........
#%?(.')))'.##......#..#.
##########.##...........
#..).....g..'..†........
#'#####'#####..g...#..#.
#.#..#...'.##.gg).......
#.#..#§..#.#####@#####++
#g#..#####.##.......#
#.#..'...#)##.......#
#.#..'...).##.......#
#g#..########...<...#
#.#..'.)))[##.......#
#.#..#.)))[##.......#
#§###########.......#
#g..g.g.# #########


You could see a gnoll sergeant and 2 gnolls.

Vanquished Creatures
  Duvessa (D)
  A phantom (D)
  Dowan (D)
  2 worker ants (D)
  3 gnolls (D)
  An ooze (D)
  A leopard gecko (D)
  A kobold (D)
  2 quokkas (D)
13 creatures vanquished.

Notes
Turn   | Place    | Note
-------+----------+-------------------------------------------
     0 | D        | equalderp2856 the Felid Fighter began the quest for the Orb.
     0 | D        | Reached XP level 1. HP: 10/10 MP: 2/2
    30 | D        | Reached skill level 5 in Unarmed Combat
    34 | D        | Reached XP level 2. HP: 5/14 MP: 3/3
   246 | D        | Reached skill level 5 in Dodging
   246 | D        | Reached skill level 6 in Unarmed Combat
   246 | D        | Reached XP level 3. HP: 17/18 MP: 4/4
   253 | D        | Noticed a phantom
   268 | D        | Reached skill level 7 in Unarmed Combat
   290 | D        | Killed a phantom
   290 | D        | Reached skill level 5 in Fighting
   290 | D        | Reached skill level 9 in Unarmed Combat
   290 | D        | Reached XP level 4. HP: 11/23 MP: 5/5
   290 | D        | Reached XP level 5. HP: 12/26 MP: 6/6
   510 | D        | Noticed Duvessa
   510 | D        | Noticed Dowan
   511 | D        | Noticed a black bear
   511 | D        | Noticed a warg
   547 | D        | Killed Duvessa
   547 | D        | Reached skill level 1 in Stealth
   547 | D        | Reached skill level 10 in Unarmed Combat
   575 | D        | Killed from afar by Dowan
   576 | D        | Reached XP level 4. HP: -8/23 MP: 5/5
   582 | D        | Killed Dowan
   582 | D        | Reached XP level 5. HP: 27/27 MP: 6/6
   587 | D        | Reached skill level 11 in Unarmed Combat
   588 | D        | Slain by a gnoll sergeant

Skill      XL: |  1  2  3  4  5 |
---------------+----------------+-----
Unarmed Combat | 5 6 9 11 | 11.0
Dodging        | 5 7 9 8 |  9.5
Fighting       | 5 |  5.9
Stealth        | 2 |  2.0

Action                   |  1- 3 |  4- 6 || total
-------------------------+-------+-------++-------
Melee: Unarmed           |    36 |    37 ||    73
       Bite              |     4 |     4 ||     8
       Punch             |     2 |     3 ||     5
  Use: Potion            |     1 |     4 ||     5
Armor: Skin              |     1 |     2 ||     3
Dodge: Dodged            |    31 |    64 ||    95
